 Dungeon Crawl Stone Soup version 0.28-a0-60-g54b5640690 (webtiles) character file.

Game seed: 8613194821340222278

2562 tatocazan the Cleaver (level 9, 0/82 HPs)
             Began as a Minotaur Fighter on July 31, 2021.
             Was a Believer of Okawaru.
             Succumbed to an adder's poison
             ... on level 6 of the Dungeon.
             The game lasted 00:06:21 (6572 turns).

tatocazan the Cleaver (Minotaur Fighter)            Turns: 6572, Time: 00:06:22

Health: 0/82       AC: 10    Str: 24    XL:     9   Next: 31%
Magic:  12/12      EV:  8    Int:  5    God:    Okawaru [**....]
Gold:   495        SH: 11    Dex: 10    Spells: 8/8 levels left

rFire   . . .      SeeInvis +   a - +0 war axe
rCold   . . .      Faith    .   c - +0 kite shield
rNeg    . . .      Spirit   .   b - +1 scale mail
rPois   .          Reflect  .   (helmet restricted)
rElec   .          Harm     .   p - scarf {repulsion}
rCorr   .          Rampage  .   f - +0 pair of gloves
Will    .....                   (no boots)
Stlth   ..........              (no amulet)
HPRegen 0.23/turn               o - ring of see invisible
MPRegen 0.13/turn               (no ring)

@: lethally poisoned (0 -> -3), repel missiles
A: horns 2, retaliatory headbutt
a: Renounce Religion, Heroism


You were on level 6 of the Dungeon.
You worshipped Okawaru.
Okawaru was pleased with you.
You visited 1 branch of the dungeon, and saw 7 of its levels.
You also visited: Ossuary.

You collected 533 gold pieces.
You spent 38 gold pieces at shops.

Inventory:

Hand Weapons
 a - a +0 war axe (weapon)
 D - a +2 whip of electrocution
Missiles
 C - 6 silver javelins (quivered)
Armour
 b - a +1 scale mail (worn)
 c - a +0 kite shield (worn)
 f - a +0 pair of gloves (worn)
 p - a scarf of repulsion (worn)
Jewellery
 o - a ring of see invisible (left hand)
 E - a ring of resist corrosion
Wands
 x - a wand of digging (4)
 y - a wand of iceblast (9)
Scrolls
 e - 2 scrolls of enchant armour
 g - 4 scrolls of teleportation {unknown}
 i - a scroll of torment {unknown}
 l - 7 scrolls of identify {unknown}
 m - a scroll of magic mapping
 n - 2 scrolls of noise {unknown}
 u - a scroll of vulnerability {unknown}
 v - a scroll of enchant weapon {unknown}
 w - a scroll of brand weapon {unknown}
 z - a scroll of summoning {unknown}
 B - a scroll of silence {unknown}
Potions
 d - a potion of heal wounds {unknown}
 h - 2 potions of cancellation
 j - 2 potions of might
 k - a potion of brilliance
 q - a potion of flight {unknown}
 r - a potion of curing {unknown}
 s - a potion of experience
 A - a potion of invisibility {unknown}


   Skills:
 + Level 8.9 Fighting
 * Level 11.1 Axes
 + Level 8.5 Armour
 + Level 8.5 Shields
 + Level 5.5 Invocations


You had 8 spell levels left.
You didn't know any spells.
Your spell library contained the following spells:

 Spells                   Type           Power      Damage    Failure   Level
 Magic Dart               Conj           0%         1d3       95%         1
 Searing Ray              Conj           0%         3d3       99%         2
 Static Discharge         Conj/Air       0%         N/A       99%         2
 Stone Arrow              Conj/Erth      0%         3d7       100%        3
 Fulminant Prism          Conj/Hex       0%         3d6       100%        4
 Bolt of Magma            Conj/Fire/Erth 0%         4d4       100%        5
 Lightning Bolt           Conj/Air       0%         1d11      100%        5
 Maxwell's Capacitive Co  Air            0%         ∞         100%        8
 Shatter                  Erth           0%         3d5*      100%        9


Dungeon Overview and Level Annotations

Branches:
Dungeon (7/15)            Ossuary (visited)
 Temple: D:4-7

Altars:
Ashenzari
Gozag
Okawaru

Shops:
D:3 ?

Annotations:
D:2 1 runed translucent door, Crazy Yiuf


Innate Abilities, Weirdness & Mutations

You have a pair of horns on your head.
You reflexively headbutt those who attack you in melee.


Message History

You are too injured to fight recklessly!
You are too injured to fight recklessly!
You are too injured to fight recklessly!
You are too injured to fight recklessly!
You are too injured to fight recklessly!
You feel sick. The steam dragon closely misses you.
You block the steam dragon's attack.
You take 1 damage, and have 27/71 hp.
You slash the steam dragon!
The steam dragon is almost dead.
You feel sick. The steam dragon breathes steam at you.
The ball of steam hits you!
* * * LOW HITPOINT WARNING * * *
The water moccasin bites you but does no damage.
You block the adder's attack.
You take 13 damage, and have 14/71 hp.
It was a potion of experience.
You feel more experienced!
Your Fighting skill gained 2 levels and is now at level 8!
Your Axes skill gained 4 levels and is now at level 11!
Your Armour skill gained 2 levels and is now at level 8!
Your Shields skill gained 2 levels and is now at level 8!
Your Invocations skill gained 3 levels and is now at level 5!
You have reached level 9!
Your experience leads to an increase in your attributes!
Increase (S)trength, (I)ntelligence, or (D)exterity?
You feel stronger.
You are engulfed in a cloud of scalding steam.
* * * LOW HITPOINT WARNING * * *
You feel sick.
The water moccasin is engulfed in a cloud of scalding steam.
You block the water moccasin's attack. The steam dragon bites you.
* * * LOW HITPOINT WARNING * * *
You block the steam dragon's attack. The adder bites you but does no damage.
You take 5 damage, and have 9/82 hp.
It was a potion of magic.
Magic courses through your body.
You are engulfed in a cloud of scalding steam.
* * * LOW HITPOINT WARNING * * *
You die...

#### ...########
#......... ###.........
............ #########
#........
.......§########........
......S@##$........#####
......DS..§§.......#≈≈≈≈
........##?####.[..#≈≈≈≈
...........# #....+≈≈≈≈
........#..# #)...#≈≈≈≈
...................#≈≈≈≈
#########.#####....#####
#. #.#### # #. #.# #


You could see a steam dragon (catching breath), a water moccasin and an adder.

Vanquished Creatures
  A water moccasin (D:7)
  4 black bears
  An ogre (D:4)
  2 centaurs (D:6)
  2 bullfrogs
  A scorpion (D:6)
  A centaur zombie (D:3)
  A gnoll shaman (D:6)
  A centaur skeleton (D:6)
  2 iguanas
  8 mummies (Ossuary)
  A hound skeleton (D:4)
  Robin (D:3)
  A howler monkey skeleton (D:7)
  4 adders
  A shadow imp (D:5)
  2 worms (D:2)
  A dart slug (D:4)
  7 orcs
  4 ball pythons
  6 endoplasms
  A giant cockroach (D:1)
  A gnoll zombie (Ossuary)
  10 goblins
  10 hobgoblins
  6 jackals
  A kobold (D:1)
  2 quokkas (D:1)
  2 bats (D:1)
  2 frilled lizards (D:2)
  3 kobold zombies (Ossuary)
  4 orc zombies (Ossuary)
  A quokka zombie (D:5)
  2 rats (D:1)
  A rat zombie (D:5)
98 creatures vanquished.

Notes
Turn   | Place    | Note
-------+----------+-------------------------------------------
     0 | D:1      | tatocazan the Minotaur Fighter began the quest for the Orb.
     0 | D:1      | Reached XP level 1. HP: 19/19 MP: 0/0
   373 | D:1      | Reached XP level 2. HP: 27/27 MP: 1/1
   910 | D:2      | Reached skill level 3 in Axes
   949 | D:2      | Reached XP level 3. HP: 28/33 MP: 2/2
  1196 | D:2      | Found a faded altar of an unknown god.
  1197 | D:2      | Noticed a great orb of eyes
  1198 | D:2      | Noticed a golden eye
  1205 | D:2      | Noticed a great orb of eyes
  1249 | D:2      | Found a runed translucent door.
  1250 | D:2      | Noticed Crazy Yiuf
  1455 | D:2      | Noticed a floating eye
  1662 | D:3      | Found Heimukogh's Magic Scroll Boutique.
  1674 | D:3      | Bought a scroll of magic mapping for 38 gold pieces
  1724 | D:3      | Noticed Robin
  1805 | D:3      | Killed Robin
  1806 | D:3      | Reached XP level 4. HP: 41/41 MP: 3/3
  1855 | D:3      | Found an opulent altar of Gozag.
  1923 | D:3      | Reached skill level 4 in Axes
  2100 | D:4      | You fall into a shaft and drop 3 floors!
  2104 | D:7      | Found an iron altar of Okawaru.
  2119 | D:7      | Became a worshipper of Warmaster Okawaru
  2154 | D:7      | Noticed a bullfrog
  2159 | D:7      | Killed a bullfrog
  2160 | D:7      | Reached XP level 5. HP: 36/47 MP: 4/4
  2244 | D:7      | Noticed a water moccasin
  2255 | D:7      | Killed a water moccasin
  2256 | D:7      | Reached skill level 5 in Fighting
  2256 | D:7      | Reached skill level 5 in Axes
  2256 | D:7      | Reached skill level 5 in Armour
  2256 | D:7      | Reached skill level 5 in Shields
  2256 | D:7      | Reached XP level 6. HP: 22/56 MP: 5/5
  3193 | D:6      | Reached * piety under Okawaru
  3493 | D:6      | Reached skill level 1 in Invocations
  3493 | D:6      | Reached XP level 7. HP: 53/61 MP: 6/6
  3635 | D:6      | Reached skill level 6 in Axes
  3639 | D:5      | Entered Level 5 of the Dungeon
  3672 | D:5      | Found a sand-covered staircase.
  3680 | Ossuary  | Entered an ossuary
  3926 | Ossuary  | Reached ** piety under Okawaru
  4999 | D:5      | Reached skill level 7 in Axes
  4999 | D:5      | Reached XP level 8. HP: 70/70 MP: 8/8
  5290 | D:4      | Found a broken altar of Ashenzari.
  6571 | D:6      | Reached skill level 11 in Axes
  6571 | D:6      | Reached skill level 5 in Invocations
  6571 | D:6      | Reached XP level 9. HP: 17/82 MP: 9/12
  6572 | D:6      | HP: 1/82 [steam dragon] (8)]
  6572 | D:6      | Succumbed to an adder's poison

Illustrated notes

Levels and vault maps discovered:
D:1:      psy_arrival_radial01, layout_rooms, minmay_misc_feat_doors,
          kennysheep_another_room
D:2:      layout_basic, hellmonk_ecumenical_altar_watching_god,
          uniq_crazy_yiuf_cottage
D:3:      wander_river, layout_rooms, nicolae_gozag_seed_capital, serial_shops,
          nicolae_shop_statue_plus, minmay_misc_feat_pillars, uniq_robin
D:4:      layout_basic, cheibrodos_ashenzari_chains
D:5:      layout_layer_cave, nicolae_overflow_hidden_temple, enter_ossuary_4
D:6:      layout_basic, temple_green, chequers_serial_rivers_room_b,
          uniq_menkaure
D:7:      layout_cave_pods, mainiacjoe_overflow_cross_hatched

Skill      XL: |  1  2  3  4  5  6  7  8 |
---------------+-------------------------+-----
Fighting       | 4 5 6 8 |  8.9
Armour         | 4 5 6 8 |  8.5
Shields        | 4 5 6 8 |  8.5
Axes           | 3 4 5 7 11 | 11.1
Invocations    | 1 2 5 |  5.5

Action                   |  1- 3 |  4- 6 |  7- 9 || total
-------------------------+-------+-------+-------++-------
Melee: War axe           |    94 |    49 |    95 ||   238
       Headbutt          |    10 |     8 |    22 ||    40
  Use: Potion            |       |     5 |     2 ||     7
       Scroll            |       |     1 |     1 ||     2
Armor: Scale mail        |    45 |    42 |    55 ||   142
       Skin              |       |    12 |       ||    12
Dodge: Dodged            |    29 |    17 |    48 ||    94
Block: Kite shield       |    54 |    51 |    73 ||   178

Table legend: (Time is in decaauts)
 A = Elapsed time spent in this place.
 B = Non-inter-level travel time spent in this place.
 C = Inter-level travel time spent in this place.
 D = Time resting spent in this place.
 E = Time spent auto-exploring this place.
 F = Levels seen in this place.
 G = Mean time per level.
                   A        B        C        D        E       F      G
               +--------+--------+--------+--------+--------+-----+--------+
         Total |   6694 |   6588 |    106 |   1416 |   4384 |   8 |  836.8 |
       Dungeon |   6261 |   6155 |    106 |   1201 |   4255 |   7 |  894.4 |
       Ossuary |    433 |    433 |      0 |    215 |    129 |   1 |  433.0 |
               +--------+--------+--------+--------+--------+-----+--------+

Top non-repeatable levels by time:
     D:4: 1248 daAuts
     D:5: 1220 daAuts
     D:6: 971 daAuts
     D:1: 933 daAuts
     D:2: 723 daAuts
     D:7: 681 daAuts
     D:3: 482 daAuts
 Ossuary: 433 daAuts
